 Dungeon Crawl Stone Soup version 0.31-a0-963-ga325b2283a (webtiles) character file.

Game seed: 10190766257443322652

4967 magipi the Carver (level 10, 0/114 HPs)
             Began as a Vampire Berserker on Oct 25, 2023.
             Was an Elder of Trog.
             Slain by a two-headed ogre
             ... wielding a +0 giant spiked club
              (11 damage)
             ... on level 9 of the Dungeon.
             The game lasted 00:27:29 (7880 turns).

magipi the Carver (Vampire Berserker)               Turns: 7880, Time: 00:27:29

Health: 0/114      AC: 14    Str: 18    XL:     10   Next: 28%
Magic:  0/10       EV: 10    Int: 16    God:    Trog [****..]
Gold:   183        SH:  0    Dex: 13    Spells: 9/9 levels left

rFire   . . .        b - +3 short sword (venom)
rCold   + . .        (no shield)
rNeg    + . .        g - +0 chain mail
rPois   .            q - +1 helmet
rElec   +            p - +0 cloak
rCorr   +            (no gloves)
SInv    +            D - +0 pair of boots
Will    ++...        r - amulet of guardian spirit Stlth
                     c - ring of protection from cold
HPRegen 0.59/turn    x - ring "Xuompe Yqifa" {rElec rN+ Will+ rCorr Int+6 Dex-3}
MPRegen 0.12/turn

%: guardian spirit
@: berserking, healing quickly, very quick
A: alive, fangs 3, see invisible, vampiric 2
a: Exsanguinate, Renounce Religion, Berserk, Trog's Hand, Brothers in Arms


You were on level 9 of the Dungeon.
You worshipped Trog.
Trog was greatly pleased with you.
You visited 1 branch of the dungeon, and saw 9 of its levels.

You collected 418 gold pieces.
You spent 235 gold pieces at shops.

Inventory:

Hand Weapons
 a - a +0 falchion
 b - a +3 short sword of venom (weapon)
   (You took it off a kobold on level 2 of the Dungeon)
Missiles
 f - 8 javelins (quivered)
 u - a boomerang
 I - a throwing net
Armour
 g - a +0 chain mail (worn)
   (You found it on level 2 of the Dungeon)
 p - a +0 cloak (worn)
   (You took it off Crazy Yiuf on level 3 of the Dungeon)
 q - a +1 helmet (worn)
   (You took it off Robin on level 3 of the Dungeon)
 D - a +0 pair of boots (worn)
   (You found it on level 7 of the Dungeon)
Jewellery
 c - a ring of protection from cold (left hand)
   (You found it on level 4 of the Dungeon)
 r - an amulet of guardian spirit (around neck)
   (You found it on level 7 of the Dungeon)
 x - the ring "Xuompe Yqifa" (right hand) {rElec rN+ Will+ rCorr Int+6 Dex-3}
   (You found it on level 5 of the Dungeon)

   [ring of intelligence]

   Int+6:     It affects your intelligence (+6).
   Dex-3:     It affects your dexterity (-3).
   rElec:     It insulates you from electricity.
   rN+:       It protects you from negative energy.
   Will+:     It increases your willpower.
   rCorr:     It protects you from acid and corrosion.
Wands
 h - a wand of acid (14)
   (You found it on level 6 of the Dungeon)
 i - a wand of roots (10)
   (You found it on level 2 of the Dungeon)
 v - a wand of paralysis (5)
   (You took it off an orc on level 4 of the Dungeon)
Scrolls
 d - 3 scrolls of summoning
 m - 2 scrolls of noise
 n - 3 scrolls of teleportation
Potions
 e - a potion of lignification
 j - 2 potions of enlightenment
 k - a potion of brilliance
 l - 2 potions of haste
 o - 2 potions of berserk rage
 s - 5 potions of curing
 t - 2 potions of mutation
 w - a potion of invisibility
 z - 2 potions of magic
 A - a potion of resistance
 B - a potion of cancellation


   Skills:
 + Level 6.2 Fighting
 * Level 9.1 Long Blades
 + Level 4.7 Throwing
 + Level 5.1 Armour
 + Level 6.8 Dodging
 + Level 3.7 Evocations


You had 9 spell levels left.
You didn't know any spells.
Your spell library was empty.

Dungeon Overview and Level Annotations

Branches:
Dungeon (9/15)             Temple (0/1) D:5
   Lair: D:8-11         Orc: D:9-12

Altars:
Makhleb
Okawaru
Xom
Yredelemnul

Shops:
D:8 *


Innate Abilities, Weirdness & Mutations

Your natural rate of healing is accelerated.
You have razor-sharp teeth.
You have supernaturally acute eyesight. (SInv)
You are afflicted with vampirism and can become a bat while bloodless.


Message History

A two-headed ogre comes into view. It is wielding two +0 giant clubs.
You hear a shout!
As you read the scroll of teleportation, it crumbles to dust.
You feel strangely unstable. The killer bee misses you.
The howler monkey hits you but does no damage.
The killer bee closely misses you.
Unknown command.
Unknown command.
An orc warrior and a two-headed ogre come into view.
Found a stone staircase leading down.
The two-headed ogre shouts in stereo!
The killer bee attacks as it pursues you!
The killer bee stings you but does no damage.
The howler monkey hits you but does no damage.
The killer bee barely misses you.
Unknown command.
Unknown command.
Unknown command.
The howler monkey hoots and howls with incredible vigour!
The killer bee stings you but does no damage.
A yak comes into view.
Unknown command.
Unknown command.
Unknown command.
You kill the killer bee!
Trog accepts your kill.
The centaur shoots an arrow.
The arrow hits you!
Unknown command.
Unknown command.
Unknown command.
Your surroundings suddenly seem different.
Found a fizzy cyan potion and a ring mail.
Found a stone staircase leading down.
Unknown command.
Unknown command.
Unknown command.
There is a stone staircase leading down here.
Found a scroll of identify.
e - a fizzy cyan potion
y - a scroll of identify
As you read the scroll of identify, it crumbles to dust.
e - a potion of lignification The two-headed ogre shouts in stereo!
A howler monkey comes into view.
Throw: dart (curare)
Press: ? - help, Q - select action, (/) - cycle Shift-Dir - straight line, f - two-headed ogre
Aim: a two-headed ogre, wielding two +0 giant spiked clubs (75% to hit)
You throw a curare-tipped dart.
The curare-tipped dart barely misses the two-headed ogre.
Unknown command.
Throw: 9 javelins
Press: ? - help, Q - select action, (/) - cycle Shift-Dir - straight line, f/p - two-headed ogre
Aim: a two-headed ogre, wielding two +0 giant spiked clubs (75% to hit)
You throw a javelin.
The javelin pierces through the two-headed ogre.
The two-headed ogre is lightly wounded.
Aiming: Corrosive Bolt
Press: ? - help, Shift-Dir - straight line, f/p - two-headed ogre
Aim: a two-headed ogre, wielding two +0 giant spiked clubs (lightly wounded, 88% to hit)
The bolt of acid misses the two-headed ogre.
The two-headed ogre hits you with a +0 giant spiked club!! x2
Unknown command.
Unknown command.
Okay, then.
Unknown command.
Unknown command.
Unknown command.
Unknown command.
Okay, then.
Unknown command.
Unknown command.
A red film seems to cover your vision as you go berserk!
You feel yourself moving faster!
You feel mighty!
Unknown command.
You puncture the two-headed ogre!
The two-headed ogre looks as sick as possible!
The two-headed ogre is moderately wounded.
The two-headed ogre hits you with a +0 giant spiked club!!
* * * LOW HITPOINT WARNING * * *
The two-headed ogre hits you with a +0 giant spiked club!
* * * LOW HITPOINT WARNING * * *
You puncture the two-headed ogre!
The two-headed ogre looks as sick as possible!
The two-headed ogre is heavily wounded.
Unknown command.
Unknown command.
You hit the two-headed ogre.
The two-headed ogre looks as sick as possible!
The two-headed ogre is severely wounded.
Unknown command.
Unknown command.
You barely miss the two-headed ogre. You bite the two-headed ogre!
The two-headed ogre is severely wounded.
Unknown command.
Unknown command.
Unknown command.
You puncture the two-headed ogre!
The two-headed ogre is almost dead.
The two-headed ogre hits you with a +0 giant spiked club!
You die...

,*,****,,...####...(..,*,,,*
,,,,,,,,,..........(.#******
,,,,***,,,...........##
*,,****,,.,#..........##
,,,,,,,,,..#...........#
,,,,,,,,,.............##
,,,,,,..............#.#
,,,,,,..........O...###
,,,,,,..........@.####
,,,,,,...........###[##
,,,,*,............#...#
,,,,,,,,#.............#
,,,,**,**#.......>...##
,,,**,,.##.......##..#
*****,..........######
**..#.......# ***##.....##


You could see a two-headed ogre (extremely poisoned).

Vanquished Creatures
  A two-headed ogre (D:8)
  Grinder (D:3)
  A vampire (D:9)
  4 yaks
  A wyvern (D:7)
  A steam dragon (D:9)
  An acid dragon (D:8)
  A water moccasin (D:5)
  An ice beast (D:7)
  3 sky beasts
  A black bear (D:6)
  2 ogres (D:6)
  An orc warrior (D:6)
  4 phantoms
  Blork the orc (D:4)
  4 kobold brigands
  2 bullfrogs (D:9)
  2 scorpions (D:5)
  3 wights
  A killer bee (D:9)
  6 howler monkeys
  3 jellies
  4 orc priests
  2 gnoll boudas (D:5)
  4 iguanas
  Crazy Yiuf (D:3)
  8 hounds
  Robin (D:3)
  8 gnolls
  7 adders
  A shadow imp (D:6)
  A white imp (D:6)
  2 ufetubi (D:6)
  5 dart slugs
  A worm (D:2)
  18 orcs
  10 endoplasms
  4 giant cockroaches
  19 goblins
  13 hobgoblins
  2 jackals (D:3)
  28 kobolds
  3 quokkas
  7 ball pythons
  7 bats
  A frilled lizard (D:3)
  8 rats
210 creatures vanquished.

Notes
Turn   | Place    | Note
-------+----------+-------------------------------------------
     0 | D:1      | magipi the Vampire Berserker began the quest for the Orb.
     0 | D:1      | Reached XP level 1. HP: 17/17 MP: 1/1
   130 | D:1      | Reached XP level 2. HP: 23/23 MP: 2/2
   359 | D:1      | Reached ** piety under Trog
   627 | D:1      | Gained mutation: You are afflicted with vampirism and can
                  | become a bat while bloodless. [Vampire growth]
   627 | D:1      | Reached XP level 3. HP: 29/29 MP: 3/3
   747 | D:2      | Identified the "Halaa"
  1142 | D:2      | Found a faded altar of an unknown god.
  1259 | D:2      | Reached XP level 4. HP: 29/35 MP: 4/4
  1576 | D:3      | Noticed Grinder
  1607 | D:3      | Paralysed by Grinder for 3 turns
  1624 | D:3      | Killed Grinder
  1625 | D:3      | Reached skill level 4 in Long Blades
  1625 | D:3      | Reached skill level 1 in Throwing
  1625 | D:3      | Reached XP level 5. HP: 30/41 MP: 5/5
  1625 | D:3      | Reached XP level 6. HP: 34/47 MP: 6/6
  1884 | D:3      | Found a runed translucent door.
  1885 | D:3      | Noticed Crazy Yiuf
  1892 | D:3      | Killed Crazy Yiuf
  2070 | D:3      | Noticed Robin
  2102 | D:3      | Reached *** piety under Trog
  2126 | D:3      | Killed Robin
  2464 | D:4      | Reached skill level 5 in Long Blades
  2583 | D:4      | Paralysed by an orc for 2 turns
  2829 | D:4      | Noticed Blork the orc
  2851 | D:4      | Killed Blork the orc
  2852 | D:4      | Reached XP level 7. HP: 53/53 MP: 7/7
  3247 | D:5      | Entered Level 5 of the Dungeon
  3517 | D:5      | Reached skill level 6 in Long Blades
  3537 | D:5      | Identified the ring "Xuompe Yqifa" {rElec rN+ Will+ rCorr
                  | Int+6 Dex-3}
  3735 | D:5      | Reached XP level 8. HP: 43/61 MP: 8/8
  4035 | D:5      | Found a staircase to the Ecumenical Temple.
  4153 | D:5      | Found a basalt altar of Yredelemnul.
  4153 | D:5      | Found an iron altar of Okawaru.
  4406 | D:6      | Reached skill level 5 in Dodging
  4475 | D:6      | Reached skill level 1 in Evocations
  4478 | D:6      | Reached skill level 7 in Long Blades
  4612 | D:6      | Reached skill level 5 in Fighting
  4703 | D:6      | Reached **** piety under Trog
  4859 | D:6      | Found a shimmering altar of Xom.
  4981 | D:6      | Reached XP level 9. HP: 30/68 MP: 9/9
  5813 | D:7      | Reached skill level 8 in Long Blades
  6610 | D:8      | Found a burning altar of Makhleb.
  6800 | D:8      | Noticed a two-headed ogre
  6814 | D:8      | Killed a two-headed ogre
  7338 | D:8      | Found Refaqaf's Assorted Antiques.
  7347 | D:8      | Bought a coppery potion for 18 gold pieces
  7347 | D:8      | Bought a scroll of identify for 42 gold pieces
  7347 | D:8      | Bought a glowing yellow potion for 18 gold pieces
  7347 | D:8      | Bought a pair of glowing boots for 157 gold pieces
  7480 | D:8      | Reached XP level 10. HP: 57/76 MP: 8/10
  7631 | D:9      | Reached skill level 5 in Armour
  7718 | D:9      | Reached skill level 9 in Long Blades
  7837 | D:9      | Noticed a two-headed ogre
  7839 | D:9      | Noticed a two-headed ogre
  7880 | D:9      | Slain by a two-headed ogre

Illustrated notes

Levels and vault maps discovered:
D:1:      noname_arrival_rooms_in_the_neighbourhood, layout_loops_ring
D:2:      layout_loops_cross, shapermc_ecumenical_altar_rom_forum,
          kennysheep_cross_bottleneck
D:3:      layout_loops_ring, serial_park_tiny_1, kennysheep_generic_room_7,
          uniq_crazy_yiuf_cottage, uniq_grinder, uniq_robin
D:4:      layout_basic, uniq_blork_the_orc
D:5:      layout_basic, gammafunk_temple_overflow_elements,
          minmay_temple_entry_steel_oval, st_stairs_11,
          kennysheep_generic_room_9
D:6:      layout_cave_pools, mainiacjoe_overflow_catwalk
D:7:      layout_gridville, enter_bailey_7, serial_co_window_serial,
          co_window_paths_a, co_window_paths_a, co_window_paths_b,
          co_window_paths_b, co_window_corner_a, co_window_of_opportunity_a,
          co_window_of_opportunity_a, co_window_paths_a, co_window_corner_a,
          co_window_corner_ca, co_window_corner_b, co_window_unsneaky_path_a,
          co_window_broadway_b, co_window_corner_ca, co_window_paths_c,
          glass_columns_a, glass_columns_a
D:8:      layout_loops_cross, bloody_makhleb, serial_shops,
          nicolae_shop_advertising_works [nicolae_subvault_shop_adworks]
D:9:      cheibrodos_barr_body, layout_cave_pools,
          mainiacjoe_overflow_cross_hatched, grunt_ministairs_4

Skill      XL: |  1  2  3  4  5  6  7  8  9 10 |
---------------+-------------------------------+-----
Fighting       | 3 4 5 6 |  6.2
Armour         | 2 3 4 5 |  5.1
Long Blades    | 4 5 6 7 8 9 |  9.1
Throwing       | 1 2 3 4 |  4.7
Dodging        | 3 4 5 6 |  6.8
Evocations     | 1 3 |  3.7

Action                     |  1- 3 |  4- 6 |  7- 9 | 10-12 || total
---------------------------+-------+-------+-------+-------++-------
  Melee: Falchion          |    69 |    27 |    80 |       ||   176
         Bite              |    12 |    22 |    63 |    15 ||   112
         Short sword       |    33 |   119 |   398 |   105 ||   655
         Punch             |       |     3 |     7 |       ||    10
  Throw: Boomerang         |       |       |     3 |       ||     3
         Javelin           |       |       |     4 |     1 ||     5
         Dart              |       |       |     1 |     1 ||     2
 Invoke: Berserk           |       |     3 |     9 |     2 ||    14
         Trog's Hand       |       |     2 |       |     1 ||     3
  Evoke: Wand              |       |     2 |     1 |     2 ||     5
    Use: Scroll            |       |     5 |    16 |     2 ||    23
   Stab: Sleeping          |     1 |       |       |       ||     1
         Paralysed         |       |       |     2 |     3 ||     5
 Armour: Animal skin       |    31 |       |       |       ||    31
         Chain mail        |    16 |    95 |   308 |    85 ||   504
  Dodge: Dodged            |    56 |    34 |   177 |    62 ||   329

Table legend: (Time is in decaauts)
 A = Elapsed time spent in this place.
 B = Non-inter-level travel time spent in this place.
 C = Inter-level travel time spent in this place.
 D = Time resting spent in this place.
 E = Time spent auto-exploring this place.
 F = Levels seen in this place.
 G = Mean time per level.
                   A        B        C        D        E       F      G
               +--------+--------+--------+--------+--------+-----+--------+
         Total |   7855 |   7599 |    256 |    838 |   3631 |   9 |  872.8 |
       Dungeon |   7855 |   7599 |    256 |    838 |   3631 |   9 |  872.8 |
               +--------+--------+--------+--------+--------+-----+--------+

Top non-repeatable levels by time:
     D:7: 1254 daAuts
     D:5: 1249 daAuts
     D:3: 978 daAuts
     D:8: 942 daAuts
     D:6: 829 daAuts
     D:2: 763 daAuts
     D:1: 757 daAuts
     D:4: 756 daAuts
     D:9: 324 daAuts

Action                     |  1- 3 |  4- 6 |  7- 9 | 10-12 || total
---------------------------+-------+-------+-------+-------++-------
  Melee: Falchion          |    69 |    27 |    80 |       ||   176
         Bite              |    12 |    22 |    63 |    15 ||   112
         Short sword       |    33 |   119 |   398 |   105 ||   655
         Punch             |       |     3 |     7 |       ||    10
  Throw: Boomerang         |       |       |     3 |       ||     3
         Javelin           |       |       |     4 |     1 ||     5
         Dart              |       |       |     1 |     1 ||     2
 Invoke: Berserk           |       |     3 |     9 |     2 ||    14
         Trog's Hand       |       |     2 |       |     1 ||     3
  Evoke: Wand              |       |     2 |     1 |     2 ||     5
    Use: Scroll            |       |     5 |    16 |     2 ||    23
   Stab: Sleeping          |     1 |       |       |       ||     1
         Paralysed         |       |       |     2 |     3 ||     5
 Armour: Animal skin       |    31 |       |       |       ||    31
         Chain mail        |    16 |    95 |   308 |    85 ||   504
  Dodge: Dodged            |    56 |    34 |   177 |    62 ||   329
